 Dungeon Crawl Stone Soup version 0.22-a0-248-gc8378ba (webtiles) character file.

137648 Amnesiac the Devastator (level 17, -5/93 HPs)
             Began as a Tengu Air Elementalist on Feb 28, 2018.
             Was a High Priest of Sif Muna.
             Splashed by a deep elf sorcerer's acid (12 damage)
             ... on level 3 of the Elven Halls.
             The game lasted 01:36:12 (32394 turns).

Amnesiac the Devastator (Tengu Air Elementalist)   Turns: 32394, Time: 01:36:14

Health: -5/93      AC:  5    Str:  9    XL:     17   Next: 24%
Magic:  1/46       EV: 19    Int: 20    God:    Sif Muna [*****.]
Gold:   1924       SH:  8    Dex: 20    Spells: 6/46 levels left

rFire    + . .     SeeInvis .   a - staff of air
rCold    + . .     Gourm    .   C - +2 buckler
rNeg     . . .     Faith    .   O - +2 leather armour {rF+}
rPois    .         Spirit   .   s - +0 hat
rElec    +         Reflect  .   r - +0 cloak
rCorr    .         Harm     +   n - +2 pair of gloves {Dex+3}
MR       +....                  (boots unavailable)
Stlth    ++........             B - amulet of harm
HPRegen  0.25/turn              T - ring of protection from cold
MPRegen  0.30/turn              V - ring of magical power

@: corroded, flying quickly and evasively, no casting, deflect missiles, quick
A: beak, talons 3, able to fly 2
a: Stop Flying, Stop Divine Energy, Channel Magic, Forget Spell, Renounce
Religion


You were on level 3 of the Elven Halls.
You worshipped Sif Muna.
Sif Muna was extremely pleased with you.
You were not hungry.

You visited 4 branches of the dungeon, and saw 21 of its levels.
You also visited: Labyrinth and Sewer.

You collected 2214 gold pieces.
You spent 290 gold pieces at shops.

Inventory:

Missiles
 z - 23 poisoned needles
 I - 5 curare-tipped needles
Armour
 n - a +2 pair of gloves of dexterity (worn)
 r - a +0 cloak (worn)
 s - a +0 hat (worn)
 t - a scarf of cloud immunity
 C - a +2 buckler (worn)
 O - a +2 leather armour of fire resistance (worn)
Magical Staves
 a - an uncursed staff of air (weapon)
 e - an uncursed staff of fire
 v - an uncursed staff of energy
Jewellery
 u - an uncursed ring of resist corrosion
 y - an uncursed amulet of magic regeneration {unknown}
 B - an amulet of harm (around neck)
 E - an uncursed ring of protection from fire {unknown}
 H - an uncursed ring of see invisible
 T - a ring of protection from cold (left hand)
 V - a ring of magical power (right hand)
Wands
 f - a wand of digging (9)
 i - a wand of enslavement (13)
 w - a wand of clouds (7)
 x - a wand of disintegration (10)
 A - a wand of paralysis (52)
 K - a wand of acid (9)
 W - a wand of iceblast (10)
Scrolls
 h - 5 scrolls of teleportation {!r}
 l - 7 scrolls of remove curse {!r}
 o - 2 scrolls of blinking {!r}
 G - a scroll of fog {!r}
 S - 2 scrolls of vulnerability {!r}
 Y - a scroll of summoning {!r}
Potions
 b - 4 potions of invisibility {!q}
 d - 5 potions of curing {!q}
 g - 2 potions of agility {!q}
 j - a potion of mutation {!q}
 m - 2 potions of haste {!q}
 p - 2 potions of berserk rage {!q}
 L - 2 potions of resistance {!q}
 Q - 2 potions of magic {!q}
 U - 3 potions of brilliance {!q}
Miscellaneous
 c - a crystal ball of energy
Comestibles
 q - 18 rations
 D - a chunk of flesh


   Skills:
 - Level 6.0 Fighting
 - Level 6.0 Dodging
 - Level 2.0 Stealth
 - Level 4.0 Shields
 + Level 15.2 Spellcasting
 * Level 18.7 Conjurations
 - Level 4.0 Charms
 * Level 18.7 Air Magic
 - Level 9.0 Invocations


You had 6 spell levels left.
You knew the following spells:

 Your Spells              Type           Power        Failure   Level  Hunger
a - Airstrike             Air            #######...   1%          4    None
b - Passwall              Tmut/Erth      ###.......   9%          2    None
c - Orb of Destruction    Conj           ######....   1%          7    ######.
d - Lightning Bolt        Conj/Air       #######...   1%          5    ###....
e - Mephitic Cloud        Conj/Pois/Air  #######.     1%          3    None
g - Confuse               Hex            ###.....     17%         3    None
i - Summon Lightning Spi  Summ/Air       ######..     1%          4    None
s - Conjure Ball Lightni  Conj/Air       #######...   1%          6    #####..
w - Deflect Missiles      Chrm/Air       ######....   8%          6    #####..


Dungeon Overview and Level Annotations

Branches:
Dungeon (15/15)            Temple (1/1) D:6            Lair (0/6) D:8
    Orc (2/2) D:11            Elf (3/3) Orc:2        Vaults (0/5) D:13
 Depths (0/5) D:15

Altars:
Ashenzari
Cheibriados
Dithmenos
Elyvilon
Fedhas
Gozag
Hepliaklqana
Kikubaaqudgha
Nemelex Xobeh
Okawaru
Qazlal
Ru
Sif Muna
Trog
Uskayaw
Vehumet
Wu Jian
Xom
The Shining One

Shops:
Orc:2 *[%=%   Elf:1 *

Portals:
Trove: D:15 (give 7 scrolls of blinking)


Innate Abilities, Weirdness & Mutations

You have a beak for a mouth.
You have claws for feet.
You can fly continuously.


Message History

Really read
G - 2 scrolls of fog {!r}?
As you read the scroll of fog {!r}, it crumbles to dust.
The scroll dissolves into smoke.
The deep elf archer shoots an arrow.
You block the arrow.
You hear a shout!
D - 3 chunks of flesh The deep elf archer shoots an arrow.
The arrow completely misses you.
A deep elf sorcerer comes into view. It is wielding a rapier.
Eat one of 3 chunks of flesh? (ye/n/q)
You eat one of the 3 chunks of flesh.
This raw flesh tastes terrible.
You are feeling hungry.
The deep elf sorcerer moves out of view.
Eating one of 2 chunks of flesh.
You eat one of the 2 chunks of flesh.
This raw flesh tastes terrible.
Really quaff
k - 2 potions of heal wounds {!q}?
You feel much better.
Casting: Deflect Missiles (safe; 8% risk of failure)
Confirm with . or Enter, or press ? or * to list all spells.
You feel a surge of power!
You create some ball lightning!
The deep elf archer blinks!
You swap places.
Your ball lightning explodes!
The blast of lightning engulfs you! You resist.
* * * LOW HITPOINT WARNING * * *
The blast of lightning engulfs your ball lightning.
Your ball lightning completely resists.
The blast of lightning engulfs your ball lightning.
Your ball lightning completely resists.
Sif Muna accepts your kill.
You feel a bit more experienced.
You hear a shout!
Your ball lightning explodes!
Sif Muna accepts your kill.
You feel a bit more experienced. The blast of lightning engulfs you!
You resist.
* * * LOW HITPOINT WARNING * * *
You hear a shout!
Your ball lightning explodes!
The blast of lightning engulfs the deep elf sorcerer.
The deep elf sorcerer is severely wounded.
The blast of lightning engulfs you! You resist.
* * * LOW HITPOINT WARNING * * *
Casting: Conjure Ball Lightning (safe; 1% risk of failure)
Confirm with . or Enter, or press ? or * to list all spells.
Aiming: Airstrike (safe; 1% risk of failure)
Press: ? - help, Dir - move target cursor, f - deep elf sorcerer
Aim: a deep elf sorcerer, wielding a rapier (severely wounded)
You feel a surge of power!
The air twists around and strikes the deep elf sorcerer!
The deep elf sorcerer is almost dead.
Sif Muna grants you divine energy.
You briefly lose access to your magic!
The deep elf sorcerer gestures at you while chanting.
You resist with significant effort.
You are unable to access your magic!
Okay, then.
Unknown command.
Really quaff
k - a potion of heal wounds {!q}?
You feel much better.
The deep elf sorcerer casts a spell at you.
The bolt of acid hits you!
* * * LOW HITPOINT WARNING * * *
The acid corrodes you!
You are splashed with acid!
The acid burns!
You die...

#...#.................#...# ..
#...#.................#...# ..
#...#........)........#...#...
#...#.................#...#...
#...#..........e..)...#...#...
#...#.................#...####
#(..#.................#.......
#...########'##########e......
#....).......@..(§§§.((o......
#................§§§§.....####
#...............§§§§§.....#
#...####)#..e########'#e..#
#...#....#...#........#)o.#
#...#....#...#........#...#
#...#....#...#........#...#
#...#....#...#........#...#
#....#...#........#eo.#


You could see a deep elf sorcerer.

Vanquished Creatures
  Gastronok (D:12)
  A sphinx (D:14)
  2 storm dragons (D:14)
  Roxanne (Elf:3)
  Louise (Elf:2)
  A stone giant (D:11)
  A minotaur (Lab)
  A deep elf annihilator (Elf:3)
  Snorg (Orc:1)
  19 two-headed ogres
  32 dancing weapons
  2 centaur warriors
  5 ogre magi
  An orc high priest (Elf:3)
  2 tengu warriors (D:13)
  17 deep elf knights
  An unseen horror (D:14)
  A harpy (D:14)
  18 deep elf archers
  A wizard (D:14)
  Pikel (D:6)
  69 deep elf magi
  A necromancer (D:15)
  3 orc sorcerers
  An orc knight (Orc:1)
  7 cyclopes
  A wolf spider (D:15)
  14 ugly things
  3 manticores
  A naga mage (D:15)
  4 centaur zombies
  A gargoyle (D:12)
  9 centaur skeletons
  3 kobold demonologists
  2 komodo dragons
  A meliai (D:14)
  5 trolls
  4 hornets
  A wolf spider simulacrum (D:14)
  9 slime creatures
  A hippogriff (shapeshifter) (Elf:1)
  2 hippogriffs
  2 air elementals
  3 shadows
  3 wraiths
  2 humans (D:12)
  2 water elementals
  2 tarantellas (shapeshifter)
  7 yaks
  A centaur simulacrum (D:15)
  A wyvern (D:10)
  A golden eye (shapeshifter) (D:14)
  6 fire elementals
  5 hungry ghosts
  8 vampire mosquitoes
  A soldier ant (D:12)
  5 wargs
  2 acid dragons (D:15)
  A water moccasin (D:14)
  17 orc warriors
  4 sky beasts
  2 slaves (D:6)
  A black bear (D:9)
  4 ice beasts
  2 eyes of draining (D:13)
  4 centaurs
  3 phantoms
  33 ogres
  3 crocodiles
  A big kobold (D:12)
  12 bullfrogs
  3 gnoll sergeants
  3 wyvern zombies
  2 earth elementals (Elf:2)
  3 wyvern skeletons (D:14)
  A water moccasin skeleton (D:11)
  3 scorpions
  5 killer bees (D:9)
  2 howler monkeys (D:9)
  3 crimson imps
  2 bullfrog zombies
  4 hounds
  19 orc priests
  2 jellies
  3 bullfrog skeletons
  An iguana (shapeshifter) (D:15)
  18 orc wizards
  7 iguanas
  Natasha (thrice) (D:2)
  11 worker ants
  A hound skeleton (D:5)
  A worker ant zombie (D:5)
  22 gnolls
  A howler monkey skeleton (D:5)
  9 adders
  3 shadow imps
  2 oozes (D:4)
  2 worms
  2 dart slugs
  6 leopard geckos
  73 orcs
  2 ball pythons
  9 bats
  9 giant cockroaches
  4 goblins
  6 hobgoblins
  5 jackals
  17 kobolds
  2 quokkas
  4 frilled lizards
  A giant cockroach zombie (D:5)
  3 rats
669 creatures vanquished.

Vanquished Creatures (others)
  Kirke (D:10)
  71 ball lightnings
  A deep elf mage (Elf:2)
  A human (D:12)
  A slave (D:7)
  A centaur skeleton (D:7)
76 creatures vanquished.

Grand Total: 745 creatures vanquished

Notes
Turn   | Place    | Note
-------+----------+-------------------------------------------
     0 | D:1      | Amnesiac the Tengu Air Elementalist began the quest for the Orb.
     0 | D:1      | Reached XP level 1. HP: 10/10 MP: 4/4
    50 | D:1      | Reached skill level 1 in Fighting
   148 | D:1      | Reached XP level 2. HP: 16/16 MP: 4/6
   635 | D:1      | Reached XP level 3. HP: 21/21 MP: 2/7
  1058 | D:2      | Reached XP level 4. HP: 26/26 MP: 0/8
  1655 | D:2      | Learned a level 3 spell: Static Discharge
  1658 | D:2      | Learned a level 2 spell: Swiftness
  1706 | D:2      | Noticed Natasha
  1728 | D:2      | HP: 1/26 [Natasha (6)]
  1742 | D:2      | Killed Natasha
  1742 | D:2      | Gained mutation: You can fly. [Tengu growth]
  1742 | D:2      | Reached XP level 5. HP: 30/31 MP: 5/9
  2605 | D:3      | Reached XP level 6. HP: 20/37 MP: 5/11
  3159 | D:4      | Found a glowing drain.
  3317 | Sewer    | Entered a sewer
  3365 | Sewer    | Learned a level 4 spell: Airstrike
  3404 | Sewer    | Reached XP level 7. HP: 43/43 MP: 13/13
  3899 | D:5      | Entered Level 5 of the Dungeon
  3917 | D:5      | Found a white marble altar of Elyvilon.
  4211 | D:5      | Reached skill level 5 in Dodging
  4377 | D:5      | Reached skill level 5 in Air Magic
  4657 | D:5      | Reached XP level 8. HP: 17/48 MP: 15/15
  5038 | D:5      | Reached skill level 5 in Fighting
  5255 | D:2      | Noticed Natasha
  5265 | D:2      | Killed Natasha
  5619 | D:2      | Noticed Natasha
  5634 | D:2      | Killed Natasha
  6051 | D:6      | Found a staircase to the Ecumenical Temple.
  6173 | Temple   | Entered the Ecumenical Temple
  6181 | Temple   | Became a worshipper of Sif Muna the Loreminder
  6329 | D:6      | Reached skill level 5 in Conjurations
  6837 | D:6      | You fall through a shaft for 2 floors!
  6851 | D:8      | Found a staircase to the Lair.
  6935 | D:8      | Reached XP level 9. HP: 40/55 MP: 1/17
  6962 | D:8      | Reached * piety under Sif Muna
  6984 | D:8      | Got a polished hunting sling
  6985 | D:8      | Identified the +3 hunting sling "Reofyuq" {speed, rF+ Str+2} (You found it on level 8 of the Dungeon)
  7076 | D:8      | Reached skill level 5 in Spellcasting
  7154 | D:7      | Learned a level 5 spell: Lightning Bolt
  7178 | D:7      | Noticed Pikel
  7207 | D:6      | Killed Pikel
  8065 | D:7      | Found a stormy altar of Qazlal.
  8335 | D:7      | Reached ** piety under Sif Muna
  8965 | D:8      | Found a radiant altar of Vehumet.
  8965 | D:8      | Noticed a two-headed ogre
  8996 | D:7      | Killed a two-headed ogre
  8996 | D:7      | Reached XP level 10. HP: 26/60 MP: 7/20
  9657 | D:8      | Reached skill level 10 in Air Magic
  9792 | D:8      | You fall through a shaft!
  9803 | D:9      | Reached *** piety under Sif Muna
  9803 | D:9      | Reached skill level 10 in Conjurations
 10445 | D:9      | Reached skill level 1 in Shields
 11126 | D:10     | Entered Level 10 of the Dungeon
 11126 | D:10     | Found a sparkling altar of Nemelex Xobeh.
 11769 | D:10     | Reached XP level 11. HP: 18/64 MP: 0/24
 11769 | D:10     | Reached **** piety under Sif Muna
 12356 | D:11     | Noticed a two-headed ogre
 12575 | D:11     | Killed a two-headed ogre
 12761 | D:11     | Found a staircase to the Orcish Mines.
 12828 | D:12     | Noticed a deep elf mage
 12835 | D:12     | Killed a deep elf mage
 12835 | D:12     | Reached skill level 10 in Spellcasting
 12900 | D:12     | Noticed a two-headed ogre
 12901 | D:12     | Reached skill level 1 in Invocations
 12903 | D:12     | Killed a two-headed ogre
 12908 | D:12     | Paralysed by a hornet for 2 turns
 13354 | D:12     | Reached skill level 5 in Invocations
 13476 | D:12     | Noticed Kirke
 13850 | D:12     | Paralysed by a hornet for 1 turns
 14004 | D:12     | Noticed Gastronok
 14042 | D:12     | Noticed a lindwurm
 14186 | D:10     | Noticed a lindwurm
 14199 | D:10     | Noticed a lindwurm
 14199 | D:10     | Killed Kirke
 14199 | D:10     | Reached XP level 12. HP: 70/70 MP: 1/27
 14310 | Orc:1    | Entered Level 1 of the Orcish Mines
 14310 | Orc:1    | Noticed a stone giant
 14422 | D:11     | Learned a level 2 spell: Passwall
 14426 | D:11     | Learned a level 3 spell: Confuse
 14580 | D:12     | Found a sacrificial altar of Ru.
 14831 | D:12     | Killed Gastronok
 15621 | D:13     | Found a labyrinth entrance.
 15627 | Lab      | Entered a labyrinth
 16534 | Lab      | Noticed a minotaur
 16543 | Lab      | Killed a minotaur
 16547 | Lab      | Got a flickering jade ring
 16554 | Lab      | Got a translucent halberd
 16561 | Lab      | Identified the +10 halberd of Kauduan {flame, *Contam rElec rC+ rN++} (You found it in a labyrinth)
 16574 | Lab      | Identified the cursed ring of Cujenujaix {rElec rC++ Str-3 Int-3} (You took it off a minotaur in a labyrinth)
 16728 | D:13     | Noticed a two-headed ogre
 16778 | D:12     | Killed a two-headed ogre
 17040 | D:13     | Noticed a tengu warrior
 17072 | D:13     | Killed a tengu warrior
 17191 | D:13     | Noticed a centaur warrior
 17230 | D:13     | Reached ***** piety under Sif Muna
 17230 | D:13     | Identified Sif Muna's Almanac of Flight and Arcane Weapons (Sif Muna gifted it to you on level 13 of the Dungeon)
 17230 | D:13     | Received a gift from Sif Muna
 17240 | D:12     | Learned a level 3 spell: Mephitic Cloud
 17245 | D:12     | Learned a level 4 spell: Summon Lightning Spire
 17413 | D:13     | Killed a centaur warrior
 17515 | D:13     | Found a gate to the Vaults.
 17544 | D:13     | You fall through a shaft for 2 floors!
 17544 | D:15     | Entered Level 15 of the Dungeon
 17693 | D:15     | Found a portal to a secret trove of treasure.
 17714 | D:15     | Reached XP level 13. HP: 74/74 MP: 23/29
 18511 | D:15     | Identified Sif Muna's Almanac of the Floating Voyage (Sif Muna gifted it to you on level 15 of the Dungeon)
 18511 | D:15     | Received a gift from Sif Muna
 18520 | D:15     | Learned a level 6 spell: Deflect Missiles
 18922 | D:14     | Learned a level 6 spell: Freezing Cloud
 20176 | D:14     | Reached skill level 1 in Charms
 20779 | D:14     | Got a jewelled ring mail
 20806 | D:13     | Identified the +4 ring mail of Weightlessness {rPois} (You took it off a meliai on level 14 of the Dungeon)
 21442 | D:14     | Found a shadowy altar of Dithmenos.
 21517 | D:14     | Noticed a storm dragon
 21535 | D:14     | Killed a storm dragon
 21535 | D:14     | Gained mutation: You can fly continuously. [Tengu growth]
 21535 | D:14     | Reached XP level 14. HP: 65/80 MP: 0/31
 21869 | D:14     | Noticed a sphinx
 21890 | D:14     | Killed a sphinx
 22246 | D:14     | Identified Sif Muna's Incunabulum of Ashen Enchantment (Sif Muna gifted it to you on level 14 of the Dungeon)
 22246 | D:14     | Received a gift from Sif Muna
 22554 | D:14     | Noticed a storm dragon
 22564 | D:14     | Killed a storm dragon
 23586 | D:15     | Found a staircase to the Depths.
 24239 | D:11     | Killed a stone giant
 24639 | Orc:1    | Noticed Snorg
 24657 | Orc:1    | Killed Snorg
 24896 | Orc:2    | Entered Level 2 of the Orcish Mines
 24915 | Orc:2    | Found a staircase to the Elven Halls.
 25820 | Orc:2    | Identified Sif Muna's Compendium of Attacks (Sif Muna gifted it to you on level 2 of the Orcish Mines)
 25820 | Orc:2    | Received a gift from Sif Muna
 25832 | Orc:2    | Reached XP level 15. HP: 84/84 MP: 0/34
 25890 | Orc:2    | Learned a level 6 spell: Conjure Ball Lightning
 26444 | Orc:2    | Found Houremm's Assorted Antiques.
 26469 | Orc:2    | Found Dustuc's Antique Armour Boutique.
 26469 | Orc:2    | Found Xiboi's Food Emporium.
 26470 | Orc:2    | Found Taapafas's Jewellery Emporium.
 26470 | Orc:2    | Found Pusoe's Food Shop.
 26654 | Elf:1    | Entered Level 1 of the Elven Halls
 27423 | Elf:1    | Found Nab Xura's Assorted Antiques.
 27436 | Elf:1    | Bought a scorched silver ring for 145 gold pieces
 27436 | Elf:1    | Bought a dented bronze amulet for 145 gold pieces
 27439 | Elf:1    | Identified the ring "Jomiakito" {+Fly rPois rC- MR- Int+7 SInv} (You bought it in a shop on level 1 of the Elven Halls)
 27601 | Elf:1    | Reached skill level 15 in Spellcasting
 27601 | Elf:1    | Reached skill level 15 in Air Magic
 27626 | Elf:1    | Reached skill level 15 in Conjurations
 27661 | Elf:1    | Identified Sif Muna's Tome of Arcane Weapons and Ignition (Sif Muna gifted it to you on level 1 of the Elven Halls)
 27661 | Elf:1    | Received a gift from Sif Muna
 27672 | Elf:1    | Learned a level 7 spell: Orb of Destruction
 28862 | Elf:1    | Reached XP level 16. HP: 88/88 MP: 32/36
 30041 | Elf:2    | Identified Sif Muna's Almanac of Battle Magic (Sif Muna gifted it to you on level 2 of the Elven Halls)
 30041 | Elf:2    | Received a gift from Sif Muna
 30393 | Elf:2    | Found a runed gate.
 30393 | Elf:2    | Found a runed gate.
 30416 | Elf:2    | Found a runed gate.
 31237 | Elf:2    | Noticed Louise
 31299 | Elf:2    | Killed Louise
 31608 | Elf:3    | Identified a paperback manual
 31608 | Elf:3    | Entered Level 3 of the Elven Halls
 31800 | Elf:3    | Reached XP level 17. HP: 85/93 MP: 9/37
 31806 | Elf:3    | Received a gift from Sif Muna
 31999 | Elf:3    | Noticed Roxanne
 32073 | Elf:3    | Killed Roxanne
 32394 | Elf:3    | Splashed by a deep elf sorcerer's acid

Vault maps used:
D:1:      dpeg_arrival_arbitrary_b, hangedman_decor_growths
D:2:      uniq_natasha
D:3:      first_ration, nrook_mini_vaults
D:4:      portal_sewer_entry_f
D:5:      serial_column_ruins, column_ruins_hut_pillars,
          column_ruins_temple_hut, column_ruins_columns_T,
          column_ruins_columns_straight, column_ruins_grid_2
D:6:      minmay_temple_entry_mist
D:7:      nicolae_qazlal_style_of_elements, grunt_tough_drop, uniq_pikel
D:8:      lair_entry_dummy, basic_altar
D:10:     basic_altar
D:11:     orc_0_dummy
D:12:     hangedman_pestilent_swarm, amethyst_killhole,
          nicolae_ru_sacrificial_ziggurat, uniq_kirke, uniq_gastronok
D:13:     erik_vaults_1, lab_entry_generic, nicolae_wwwww
D:14:     evilmike_diamond_1, grunt_dithmenos_smoke
D:15:     grunt_enter_depths_magical_seal, nicolae_trove_entry_free_sample
Temple:   dpeg_three_leaves_temple
Orc:1:    uniq_snorg
Orc:2:    st_orc_ogre_mass, serial_shops, shop_fountains
Elf:1:    eino_elf_arrival_shootout, serial_shops, shop, minivault_28
Elf:2:    uniq_louise
Elf:3:    elf_hall_gauntlet_narrow, serial_shops, shop, uniq_jorgrun,
          uniq_roxanne
Lab:      labyrinth_watery, nicolae_lab_grate, nicolae_lab_dead_end,
          nicolae_lab_grate_2
Sewer:    sewer_the_crocodile

Skill      XL: |  1  2  3  4  5  6  7  8  9 10 11 12 13 14 15 16 |
---------------+-------------------------------------------------+-----
Fighting       | 1 2 3 4 6 |  6.0
Conjurations   | 2 4 5 9 10 11 12 14 15 18 | 18.7
Dodging        | 3 4 5 6 |  6.0
Spellcasting   | 3 4 6 8 10 11 12 14 15 | 15.2
Air Magic      | 5 6 9 10 11 12 14 16 18 | 18.7
Shields        | 4 |  4.0
Invocations    | 7 9 |  9.0
Charms         | 4 |  4.0
Stealth        | |  2.0

Action                   |  1- 3 |  4- 6 |  7- 9 | 10-12 | 13-15 | 16-18 || total
-------------------------+-------+-------+-------+-------+-------+-------++-------
Melee: Unarmed           |     5 |     6 |     6 |       |       |       ||    17
       Peck              |       |    13 |    19 |     5 |    34 |       ||    71
       Quarterstaff      |       |    33 |       |       |       |       ||    33
       Kick              |       |    25 |    34 |     7 |    59 |       ||   125
       Dagger            |       |    50 |   128 |       |       |       ||   178
       Trident           |       |       |     7 |       |       |       ||     7
       Staff             |       |       |       |    17 |   174 |       ||   191
 Fire: Hunting sling     |       |       |   134 |   292 |       |       ||   426
Throw: Tomahawk          |     4 |       |       |       |       |       ||     4
 Cast: Shock             |    45 |    71 |    82 |    25 |       |       ||   223
       Static Discharge  |       |     6 |    16 |    16 |    12 |       ||    50
       Lightning Bolt    |       |       |     7 |    55 |    64 |     3 ||   129
       Airstrike         |       |       |       |   161 |   497 |   190 ||   848
       Passwall          |       |       |       |     5 |     5 |       ||    10
       Swiftness         |       |       |       |     2 |       |       ||     2
       Mephitic Cloud    |       |       |       |       |     9 |       ||     9
       Deflect Missiles  |       |       |       |       |     6 |     2 ||     8
       Freezing Cloud    |       |       |       |       |     1 |       ||     1
       Summon Lightning  |       |       |       |       |     1 |       ||     1
       Conjure Ball Ligh |       |       |       |       |    18 |    18 ||    36
       Orb of Destructio |       |       |       |       |       |     3 ||     3
Invok: Divine Energy     |       |       |     1 |       |       |       ||     1
       Channel Magic     |       |       |       |       |     2 |       ||     2
       Forget Spell      |       |       |       |       |     2 |       ||     2
 Abil: Fly               |       |       |     1 |    12 |     1 |       ||    14
  Use: Potion            |       |     3 |     2 |     4 |     3 |     2 ||    14
       Scroll            |       |    12 |     1 |    16 |     7 |     1 ||    37
 Stab: Sleeping          |       |     5 |     1 |       |       |       ||     6
       Distracted        |       |       |       |     1 |       |       ||     1
  Eat: Chunk             |       |    10 |    16 |    33 |    47 |    17 ||   123
       Ration            |       |       |     1 |     8 |     3 |       ||    12
Armor: Robe              |     3 |    35 |    25 |     2 |       |       ||    65
       Skin              |       |     6 |     9 |     6 |       |       ||    21
       Leather armour    |       |       |       |    39 |    36 |     3 ||    78
       Ring mail         |       |       |       |       |    11 |       ||    11
       Steam dragon scal |       |       |       |       |    17 |       ||    17
Dodge: Dodged            |     5 |    83 |   150 |   149 |   302 |    28 ||   717
       Deflected         |       |       |       |       |    28 |    15 ||    43
Block: Buckler           |       |       |       |    28 |    94 |    12 ||   134

Table legend:
 A = Spawn XP
 B = Non-spawn XP
 C = Spawn XP percentage of total XP
 D = Spawn monster count
 E = Non-spawn monster count
 F = Spawn count percentage of total count
 G = Total turns spent on level
                    A         B        C        D         E        F      G
               +---------+---------+-------+---------+---------+-------+---------
         Total |       0 |  196641 |   0.0 |       0 |     666 |   0.0 | 32394
               +---------+---------+-------+---------+---------+-------+---------
           D:1 |       0 |      35 |   0.0 |       0 |      19 |   0.0 |  1089
           D:2 |       0 |     215 |   0.0 |       0 |      26 |   0.0 |  1318
           D:3 |       0 |     157 |   0.0 |       0 |      21 |   0.0 |  1293
           D:4 |       0 |     482 |   0.0 |       0 |      25 |   0.0 |   831
           D:5 |       0 |     456 |   0.0 |       0 |      18 |   0.0 |  1435
           D:6 |       0 |    1411 |   0.0 |       0 |      19 |   0.0 |  1358
           D:7 |       0 |    1988 |   0.0 |       0 |      25 |   0.0 |  1371
           D:8 |       0 |     979 |   0.0 |       0 |      16 |   0.0 |  1121
           D:9 |       0 |     951 |   0.0 |       0 |      18 |   0.0 |  1137
          D:10 |       0 |    4772 |   0.0 |       0 |      26 |   0.0 |  1305
          D:11 |       0 |    5025 |   0.0 |       0 |      25 |   0.0 |  1898
          D:12 |       0 |    9454 |   0.0 |       0 |      36 |   0.0 |  1983
          D:13 |       0 |    8187 |   0.0 |       0 |      33 |   0.0 |  1975
          D:14 |       0 |   24079 |   0.0 |       0 |      65 |   0.0 |  3077
          D:15 |       0 |   14022 |   0.0 |       0 |      35 |   0.0 |  2041
         Orc:1 |       0 |    3709 |   0.0 |       0 |      35 |   0.0 |   683
         Orc:2 |       0 |   21581 |   0.0 |       0 |      60 |   0.0 |  2061
         Elf:1 |       0 |   31717 |   0.0 |       0 |      52 |   0.0 |  2214
         Elf:2 |       0 |   47389 |   0.0 |       0 |      71 |   0.0 |  2164
         Elf:3 |       0 |   17951 |   0.0 |       0 |      30 |   0.0 |   786
           Lab |       0 |    1966 |   0.0 |       0 |       5 |   0.0 |  1081
         Sewer |       0 |     115 |   0.0 |       0 |       6 |   0.0 |   156
               +---------+---------+-------+---------+---------+-------+---------
